 Dungeon Crawl Stone Soup version 0.27-a0-1359-ga2a4dfd6fd (webtiles) character file.

Game seed: 6812400824592638292

399 ziltoidlt the Magician (level 7, 49/49 HPs)
             Began as a Djinni Ice Elementalist on June 28, 2021.
             Was a Follower of Okawaru.
             Quit the game in an ossuary.
             The game lasted 00:24:39 (4192 turns).

ziltoidlt the Magician (Djinni Ice Elementalist)    Turns: 4192, Time: 00:24:40

Health: 49/49      AC:  2    Str:  7    XL:     7   Next: 10%
Gold:   59         EV: 13    Int: 18    God:    Okawaru [*.....] SH:  0 Dex: 14

rFire    + + +     SeeInvis .   a - +0 rapier
rCold    x . .     Faith    .   (no shield)
rNeg     . . .     Spirit   .   h - +0 robe
rPois    ∞         Reflect  .   (no helmet)
rElec    .         Harm     .   (no cloak)
rCorr    .         Rampage  .   (no gloves)
Will     +....     Clarity  +   (boots unavailable)
Stlth    ++........             (no amulet)
HPRegen  1.16/turn              d - ring of protection from fire
MPRegen  0.00/turn              i - ring of willpower

@: flying
A: sickness immunity, fire resistance 2, cold vulnerability 1, float, innate
caster, hp casting, extra vitality 1, clarity, regeneration 1
a: Renounce Religion, Heroism


You were in an ossuary.
You worshipped Okawaru.
Okawaru was aware of your devotion.
You visited 1 branch of the dungeon, and saw 4 of its levels.
You also visited: Ossuary.

You collected 85 gold pieces.
You spent 26 gold pieces at shops.

Inventory:

Hand Weapons
 a - a +0 rapier (weapon)
Missiles
 f - 5 poisoned darts
Armour
 h - a +0 robe (worn)
Magical Staves
 b - a staff of cold
Jewellery
 d - a ring of protection from fire (left hand)
 i - a ring of willpower (right hand)
Scrolls
 c - a scroll of identify
 g - a scroll of teleportation
 o - a scroll of fog {unknown}
Potions
 e - 3 potions of curing
 j - a potion of attraction
 k - a potion of invisibility
 l - a potion of berserk rage {unknown}
 m - a potion of resistance {unknown}
 n - a potion of might {unknown}


   Skills:
 + Level 2.6 Fighting
 + Level 2.7 Short Blades
 + Level 4.0 Dodging
 - Level 1.5 Stealth
 + Level 4.0 Spellcasting
 + Level 2.3 Invocations


You couldn't memorise any spells.
You knew the following spells:

 Your Spells              Type           Power      Damage    Failure   Level
a - Freeze                Ice            72%        1d9       2%          1
b - Frozen Ramparts       Ice            36%        1d5       9%          3
c - Ozocubu's Armour      Ice            18%        N/A       9%          3
d - Hailstorm             Conj/Ice       18%        3d6       28%         4
e - Metabolic Englaciati  Hex/Ice        9%         N/A       61%         5
f - Foxfire               Conj/Fire      72%        2x1d7     2%          1
g - Slow                  Hex            18%        N/A       4%          2
h - Summon Guardian Gole  Hex/Summ       18%        N/A       9%          3
Your spell library was empty.

Dungeon Overview and Level Annotations

Branches:
Dungeon (4/15)            Ossuary (1/1)
 Temple: D:4-7

Altars:
Okawaru

Shops:
D:1 [   D:2 *

Annotations:
D:3 3 runed translucent doors, sn0wgr3's ghost, amateur GrFi


Innate Abilities, Weirdness & Mutations

You are immune to sickness and miasma.
You are immune to poison.
Your flesh is very heat resistant. (rF++)
You are vulnerable to cold. (rC-)
You float through the air rather than walking.
You learn spells naturally, not from books.
Your magical power is your life essence.
You have superior vitality. (+4 HP)
You possess an exceptional clarity of mind.
Your natural rate of healing is unusually fast.


Message History

Casting: Foxfire (safe; 2% risk of failure)
Press: ? - help, Q - select action, (/) - cycle Dir - look around, f - activate You conjure some foxfire!
The foxfire hits the goblin simulacrum.
The goblin simulacrum melts!
The goblin simulacrum vapourises!
You hear a sizzling sound!
Casting: Foxfire (safe; 2% risk of failure)
Press: ? - help, Q - select action, (/) - cycle Dir - look around, f - activate You conjure some foxfire!
Casting: Foxfire (safe; 2% risk of failure)
Press: ? - help, Q - select action, (/) - cycle Dir - look around, f - activate You miscast Foxfire.
You are very lightly contaminated with residual magic.
Nothing appears to happen.
The foxfire hits the kobold simulacrum.
The kobold simulacrum melts!
The kobold simulacrum vapourises!
Okawaru accepts your kill.
You hear a sizzling sound!
Your foxfire dissipates!
Your foxfire dissipates! x2
A kobold simulacrum is nearby!
Casting: Foxfire (safe; 2% risk of failure)
Press: ? - help, Q - select action, (/) - cycle Dir - look around, f - activate You conjure some foxfire!
Casting: Foxfire (safe; 2% risk of failure)
Press: ? - help, Q - select action, (/) - cycle Dir - look around, f - activate You conjure some foxfire!
A kobold simulacrum is nearby!
The foxfire hits the kobold simulacrum!
The kobold simulacrum melts!
The kobold simulacrum vapourises!
Okawaru accepts your kill.
You hear a sizzling sound!
Your foxfire dissipates!
Your magical contamination has completely faded away.
Casting: Foxfire (safe; 2% risk of failure)
Confirm with . or Enter, or press ? or * to list all spells.
Okay, then.
Save game and exit?
Okay, then.
Are you sure you want to abandon this character and quit the game? (Confirm with "yes".)

..........##.#.#.#
...........#'#'#'#
..8...8..........#
.................#
####'#########'#'#
'.......'.8##.##.#
#.......#8##.##..#
#.......###.##...#
#.......##^##...@#
#.......#.##...§§#
#...8...#.'.....§#
#.......#.##..v.§#
#.^^^^^.##.##..§§#
#.^...^.###.##.§§#
#.^...^.#8##.##.v#
'.^..!^.'.8##.##.#
##############'###


There were no monsters in sight!

Vanquished Creatures
  A phantom (D:4)
  A water moccasin skeleton (D:4)
  A jelly (D:4)
  Jessica (D:2)
  A hound skeleton (D:4)
  2 mummies
  3 gnolls (D:4)
  3 adders (D:2)
  An ufetubus (D:2)
  2 adder zombies (D:4)
  2 worms
  3 dart slugs
  3 spectral bats (Ossuary)
  7 endoplasms
  4 giant cockroaches
  4 goblins
  5 hobgoblins
  6 kobolds
  5 quokkas
  4 ball pythons
  7 bats
  3 bat simulacra (Ossuary)
  A frilled lizard (D:1)
  12 gnoll zombies (Ossuary)
  2 goblin simulacra (Ossuary)
  4 goblin zombies (Ossuary)
  3 hobgoblin zombies (Ossuary)
  2 kobold simulacra (Ossuary)
  5 kobold zombies (Ossuary)
  6 orc zombies (Ossuary)
  8 rats
  2 rat simulacra (Ossuary)
  4 spectral goblins (Ossuary)
  2 spectral kobolds (Ossuary)
  3 spectral rats (Ossuary)
123 creatures vanquished.

Vanquished Creatures (others)
  A goblin simulacrum (Ossuary)
  333 foxfires
334 creatures vanquished.

Grand Total: 457 creatures vanquished

Notes
Turn   | Place    | Note
-------+----------+-------------------------------------------
     0 | D:1      | ziltoidlt the Djinni Ice Elementalist began the quest for
                  | the Orb.
     0 | D:1      | Reached XP level 1. HP: 15/15 MP: 0/0
    67 | D:1      | Reached XP level 2. HP: 15/22 MP: 0/0
   335 | D:1      | Found Jaoheoh's Antique Armour Emporium.
   643 | D:1      | Reached skill level 1 in Short Blades
   643 | D:1      | Reached XP level 3. HP: 24/26 MP: 0/0
   643 | D:1      | Learned a level 1 spell: Foxfire
   859 | D:1      | Reached skill level 1 in Fighting
  1212 | D:1      | Found a faded altar of an unknown god.
  1224 | D:1      | Became a worshipper of Warmaster Okawaru
  1224 | D:1      | Reached * piety under Okawaru
  1560 | D:2      | Found Voipa's General Store.
  1567 | D:2      | Bought a scroll of identify for 26 gold pieces
  1624 | D:2      | Noticed Jessica
  1628 | D:2      | Killed Jessica
  1629 | D:2      | Reached XP level 4. HP: 29/32 MP: 0/0
  2359 | D:2      | Reached skill level 1 in Invocations
  2460 | D:2      | Reached XP level 5. HP: 28/38 MP: 0/0
  2460 | D:2      | Learned a level 2 spell: Slow
  3028 | D:3      | Noticed sn0wgr3's ghost (amateur GrFi)
  3113 | D:3      | Found a runed translucent gate.
  3113 | D:3      | Found a runed translucent gate.
  3117 | D:3      | Found a runed translucent gate.
  3194 | D:3      | Gained mutation: Your natural rate of healing is unusually
                  | fast. [potion of mutation]
  3194 | D:3      | Gained mutation: You possess an exceptional clarity of
                  | mind. [potion of mutation]
  3593 | D:4      | Noticed a phantom
  3653 | D:4      | Killed a phantom
  3654 | D:4      | Reached XP level 6. HP: 33/43 MP: 0/0
  3754 | D:4      | Found a sand-covered staircase.
  3773 | Ossuary  | Entered an ossuary
  3950 | Ossuary  | Reached XP level 7. HP: 49/49 MP: 0/0
  3950 | Ossuary  | Learned a level 3 spell: Summon Guardian Golem
  4192 | Ossuary  | Quit the game

Illustrated notes

Levels and vault maps discovered:
D:1:      onia_arrival_mini_maze, layout_basic,
          hellmonk_ecumenical_altar_inner_sanctum, serial_shops, shop
D:2:      layout_basic, serial_shops, nicolae_shop_statue_plus,
          nrook_mini_backslash, minmay_misc_feat_hallway, uniq_jessica
D:3:      layout_loops_cross, gammafunk_ghost_icy, grunt_ministairs_1
D:4:      layout_cave_pods, serial_undead, serial_undead_a, serial_undead_d,
          serial_undead_c, serial_undead_a, gup_ossuary_entry_pyramid
Ossuary:  ossuary_zaba_two_paths

Skill      XL: |  1  2  3  4  5  6  7 |
---------------+----------------------+-----
Short Blades   | 1 2 |  2.7
Fighting       | 1 2 |  2.6
Dodging        | 3 4 |  4.0
Invocations    | 1 2 |  2.3
Spellcasting   | 4 |  4.0
Stealth        | |  1.5

Action                   |  1- 3 |  4- 6 |  7- 9 || total
-------------------------+-------+-------+-------++-------
Melee: Whip              |     5 |       |       ||     5
       Dagger            |     9 |     1 |       ||    10
       Rapier            |       |    17 |     7 ||    24
 Cast: Freeze            |    23 |    15 |       ||    38
       Foxfire           |    22 |   126 |    50 ||   198
       Ozocubu's Armour  |       |     2 |       ||     2
Invok: Heroism           |       |     1 |       ||     1
  Use: Scroll            |     1 |     5 |     2 ||     8
       Potion            |       |     1 |       ||     1
 Stab: Sleeping          |     5 |       |     2 ||     7
Armor: Robe              |     4 |    11 |     9 ||    24
Dodge: Dodged            |    13 |    47 |    26 ||    86

Table legend: (Time is in decaauts)
 A = Elapsed time spent in this place.
 B = Non-inter-level travel time spent in this place.
 C = Inter-level travel time spent in this place.
 D = Time resting spent in this place.
 E = Time spent auto-exploring this place.
 F = Levels seen in this place.
 G = Mean time per level.
                   A        B        C        D        E       F      G
               +--------+--------+--------+--------+--------+-----+--------+
         Total |   4190 |   4006 |    184 |    839 |   2319 |   5 |  838.0 |
       Dungeon |   3771 |   3587 |    184 |    839 |   2187 |   4 |  942.8 |
       Ossuary |    418 |    418 |      0 |      0 |    132 |   1 |  418.0 |
               +--------+--------+--------+--------+--------+-----+--------+

Top non-repeatable levels by time:
     D:1: 1556 daAuts
     D:2: 1342 daAuts
     D:3: 713 daAuts
 Ossuary: 418 daAuts
     D:4: 159 daAuts
